 Dungeon Crawl Stone Soup version 0.26-a0-291-g3d11bbfad5 (webtiles) character file.

Game seed: 7147375602983777347

59 BritishOli the Skirmisher (level 3, 0/29 HPs)
             Began as a Demonspawn Fighter on July 14, 2020.
             Succumbed to Robin's poison
             ... on level 2 of the Dungeon.
             The game lasted 00:01:00 (1209 turns).

BritishOli the Skirmisher (Demonspawn Fighter)      Turns: 1209, Time: 00:01:01

Health: 0/29       AC:  8    Str: 17    XL:     3   Next: 78%
Magic:  3/3        EV:  7    Int:  9    God:
Gold:   75         SH:  9    Dex: 12    Spells: 2/2 levels left

rFire    . . .     SeeInvis .   a - +0 long sword
rCold    . . .     Faith    .   c - +0 kite shield
rNeg     . . .     Spirit   .   b - +0 scale mail
rPois    .         Reflect  .   (no helmet)
rElec    .         Harm     .   (no cloak)
rCorr    .         Rnd*Tele +   (no gloves)
MR       .....                  (no boots)
Stlth    +.........             (no amulet)
HPRegen  0.09/turn              i - ring of stealth
MPRegen  0.08/turn              k - ring of teleportation (curse)

@: lethally poisoned (0 -> -16)
A: talons 1, slimy green scales 1
a: no special abilities


You were on level 2 of the Dungeon.
You visited 1 branch of the dungeon, and saw 2 of its levels.

You collected 75 gold pieces.

Inventory:

Hand Weapons
 a - a +0 long sword (weapon)
Armour
 b - a +0 scale mail (worn)
 c - a +0 kite shield (worn)
Jewellery
 i - a ring of stealth (left hand)
 k - a cursed ring of teleportation (right hand)
Scrolls
 e - a scroll of remove curse {unknown}
 f - a scroll of noise {unknown}
 g - 3 scrolls of amnesia {unknown}
 h - 2 scrolls of teleportation {unknown}
 j - 2 scrolls of blinking {unknown}
 o - 2 scrolls of identify {unknown}
Potions
 d - a potion of might
 l - a potion of ambrosia {unknown}
 m - a potion of lignification {unknown}
 n - a potion of heal wounds {unknown}
 p - a potion of curing {unknown}


   Skills:
 + Level 3.5 Fighting
 + Level 2.3 Long Blades
 + Level 3.1 Armour
 + Level 3.2 Shields


You had 2 spell levels left.
You didn't know any spells.
Your spell library was empty.

Dungeon Overview and Level Annotations

Branches:
Dungeon (2/15)

Altars:

Annotations:
D:2 Robin


Innate Abilities, Weirdness & Mutations

You have sharp toenails.
You are partially covered in slimy green scales. (AC +2)


Message History

You feel sick.
Robin says, "My goblins will feast on your bones."
You block Robin's attack. You block the goblin's attack.
The goblin hits you but does no damage.
Items here: ( )))) † You closely miss the goblin.
You feel sick. Robin barely misses you. The goblin hits you with a +0 club.
Your scale mail prevents you from hitting the goblin.
You feel sick. Robin hits you but does no damage.
The goblin hits you but does no damage.
Robin hits you from afar with a +0 spear of venom.
* * * LOW HITPOINT WARNING * * *
You are more poisoned.
* * * LOW HITPOINT WARNING * * *
You feel sick. The goblin hits you with a +0 club.
* * * LOW HITPOINT WARNING * * *
Robin completely misses you.
You hit Robin. You claw Robin, but do no damage.
Robin is heavily wounded.
You die...

##....#.##.#.##
.......#..#...##
##....#.##.#...#
#....#.##.#...#
#.....#..#....#
#....#.##.#...######
#..................#
#.......##)#.####.##
#..........(g@).#.#
##########.#.#g.#.#
#.#.#.##.#
#.#.#....#
#g#.###### #.#..
..### ## ..[..#
.....#


You could see Robin and a goblin (strong).

Vanquished Creatures
  An adder (D:2)
  2 dart slugs (D:1)
  A leopard gecko (D:1)
  A giant cockroach (D:1)
  11 goblins
  8 hobgoblins
  4 jackals
  A bat (D:1)
  3 frilled lizards
  5 kobolds
  3 rats
40 creatures vanquished.

Notes
Turn   | Place    | Note
-------+----------+-------------------------------------------
     0 | D:1      | BritishOli the Demonspawn Fighter began the quest for the
                  | Orb.
     0 | D:1      | Reached XP level 1. HP: 18/18 MP: 1/1
   161 | D:1      | Gained mutation: You are partially covered in slimy green
                  | scales. (AC +2) [demonic ancestry]
   161 | D:1      | Reached XP level 2. HP: 22/24 MP: 2/2
   580 | D:1      | Gained mutation: You have sharp toenails. [demonic
                  | ancestry]
   580 | D:1      | Reached XP level 3. HP: 26/29 MP: 3/3
  1127 | D:2      | Noticed Robin
  1208 | D:2      | HP: 1/29 [goblin/+0 club[Robin] (3)]
  1209 | D:2      | Succumbed to Robin's poison

Illustrated notes

Levels and vault maps discovered:
D:1:      dpeg_arrival_signposts, layout_basic, minmay_pentomino_r4
D:2:      layout_basic, minmay_small_reverse_x, uniq_robin

Skill      XL: |  1  2 |
---------------+-------+-----
Long Blades    | 2 |  2.3
Armour         | 3 |  3.1
Shields        | 3 |  3.2
Fighting       | |  3.5

Action                   || total
-------------------------++-------
Melee: Long sword        ||   108
       Kick              ||     8
Armor: Scale mail        ||    64
Dodge: Dodged            ||    32
Block: Kite shield       ||    66
       Rpst.: Long sword ||    16

Table legend:
 A = Non-vault XP
 B = Vault XP
 C = Vault XP percentage of total XP
 D = Non-vault monster count
 E = Vault monster count
 F = Vault count percentage of total count
                 A         B        C        D         E       F
            +---------+---------+-------+---------+---------+-------
      Total |      55 |      30 |  35.3 |      29 |      11 |  27.5
            +---------+---------+-------+---------+---------+-------
        D:1 |      53 |       3 |   5.4 |      27 |       2 |   6.9
        D:2 |       2 |      27 |  93.1 |       2 |       9 |  81.8
            +---------+---------+-------+---------+---------+-------
